 Dungeon Crawl Stone Soup version 0.29-a0-338-g1ff7896281 (webtiles) character file.

Game seed: 17000218528101903696

56 freelancePsychic the Cudgeller (level 3, -1/31 HPs)
             Began as a Draconian Gladiator on Apr 18, 2022.
             Was a Follower of Dithmenos.
             Slain by a sky beast (6 damage)
             ... on level 3 of the Dungeon.
             The game lasted 00:02:52 (1647 turns).

freelancePsychic the Cudgeller (DrGl)               Turns: 1647, Time: 00:02:52

Health: -1/31      AC:  5    Str: 16    XL:     3   Next: 71%
Magic:  3/3        EV: 12    Int:  8    God:    Dithmenos [*.....]
Gold:   77         SH:  0    Dex: 14    Spells: 2/2 levels left

rFire   . . .      SeeInvis .   a - +0 flail
rCold   . . .      Faith    .   (no shield)
rNeg    . . .      Spirit   .   (body armour unavailable)
rPois   .          Reflect  .   b - +0 hat
rElec   .          Harm     .   (no cloak)
rCorr   .          Rampage  .   (no gloves)
Will    .....                   (no boots)
Stlth   +.........              (no amulet)
HPRegen 0.10/turn               (no ring)
MPRegen 0.08/turn               (no ring)

@: about to teleport, wreathed by umbra
A: AC +5, unfitting armour, cold-blooded
a: Renounce Religion


You were on level 3 of the Dungeon.
You worshipped Dithmenos.
Dithmenos was aware of your devotion.
You visited 1 branch of the dungeon, and saw 3 of its levels.

You collected 77 gold pieces.

Inventory:

Hand Weapons
 a - a +0 flail (weapon)
Missiles
 d - 3 javelins (quivered)
Armour
 b - a +0 hat (worn)
Scrolls
 h - a scroll of magic mapping {unknown}
 j - a scroll of noise
Potions
 f - a potion of cancellation
 g - 2 potions of lignification
 i - 2 potions of attraction {unknown}
 k - a potion of curing {@q1}
 l - 2 potions of magic {unknown}


   Skills:
 + Level 3.4 Fighting
 + Level 3.8 Maces & Flails
 + Level 2.1 Throwing
 - Level 2.6 Dodging


You had 2 spell levels left.
You didn't know any spells.
Your spell library contained the following spells:

 Spells                   Type           Power      Damage    Failure   Level
 Animate Skeleton         Necr           0%         N/A       41%         1
 Apportation              Tloc           0%         N/A       41%         1
 Beastly Appendage        Tmut           0%         N/A       41%         1
 Summon Small Mammal      Summ           0%         N/A       41%         1
 Wereblood                Tmut           0%         N/A       54%         2
 Conjure Flame            Conj/Fire      0%         6-21      78%         3
 Ignite Poison            Fire/Tmut/Pois 0%         N/A       78%         3
 Spider Form              Tmut/Pois      0%         N/A       78%         3
 Sticky Flame             Conj/Fire      0%         2d3       99%         4


Dungeon Overview and Level Annotations

Branches:
Dungeon (3/15)

Altars:
Dithmenos
Fedhas
Okawaru


Innate Abilities, Weirdness & Mutations

Your plain brown scales are hard. (AC +5)
You cannot fit into any form of body armour.
You are cold-blooded and may be slowed by cold attacks.


Message History

h - a scroll labelled FIRHUD HEPENK A sky beast comes into view.
The sky beast flickers out of sight!
Deactivating autopickup; reactivate with Ctrl-A.
Throw: 6 javelins
Press: ? - help, Q - select action, (/) - cycle Shift-Dir - straight line You throw a javelin.
Throw: 2 throwing nets
Press: ? - help, Q - select action, (/) - cycle Shift-Dir - straight line You throw a throwing net.
A sky beast appears from thin air!
Reactivating autopickup.
Throw: throwing net
Press: ? - help, Q - select action, (/) - cycle Shift-Dir - straight line, f - sky beast
Aim: a sky beast (umbra, 50% to hit)
You throw a throwing net. The throwing net misses the sky beast.
The sky beast barely misses you.
Throw: 5 javelins
Press: ? - help, Q - select action Shift-Dir - straight line, f/p - sky beast
Aim: a sky beast (umbra, 50% to hit)
You throw a javelin.
The javelin barely misses the sky beast.
The sky beast hits you. The sky beast shocks you.
Throw: 4 javelins
Press: ? - help, Q - select action Shift-Dir - straight line, f/p - sky beast
Aim: a sky beast (umbra, 50% to hit)
You throw a javelin.
The javelin closely misses the sky beast.
The sky beast hits you. The sky beast shocks you.
You hit the sky beast.
Your tail-slap misses the sky beast.
The sky beast is lightly wounded.
The sky beast closely misses you.
The sky beast flickers out of sight!
Deactivating autopickup; reactivate with Ctrl-A.
Something hits you. Something shocks you.
* * * LOW HITPOINT WARNING * * *
As you read the scroll of teleportation {@r4}, it crumbles to dust.
You feel strangely unstable. Something hits you.
* * * LOW HITPOINT WARNING * * *
Something shocks you.
You die...

####### .....#
#.#.## ## ### #...##
###. ..# ##...####
Y.. #.###.......#
#.#######.#.....##.#
#(...{@.......###.#
#.#########.#.## #.#
#. #.#.# #.# #.
..#.# #.# #.
####.####.# ..
#.#<##.### .#
#..#.#...# .
#.###.##.#
##.#.###.#


There were no monsters in sight!

Vanquished Creatures
  3 adders
  A dart slug (D:1)
  An endoplasm (D:1)
  3 giant cockroaches
  4 hobgoblins
  4 jackals (D:1)
  A kobold (D:2)
  3 quokkas (D:1)
  A ball python (D:2)
  A bat (D:1)
  A frilled lizard (D:1)
  A goblin (D:2)
  2 rats (D:1)
26 creatures vanquished.

Notes
Turn   | Place    | Note
-------+----------+-------------------------------------------
     0 | D:1      | freelancePsychic the Draconian Gladiator began the quest
                  | for the Orb.
     0 | D:1      | Reached XP level 1. HP: 17/17 MP: 1/1
   353 | D:1      | Found a faded altar of an unknown god.
   443 | D:1      | Reached XP level 2. HP: 22/25 MP: 2/2
   780 | D:1      | Prayed at the altar of an unknown god.
   780 | D:1      | Became a worshipper of Dithmenos the Shadowed
   780 | D:1      | Reached * piety under Dithmenos
  1078 | D:2      | Reached XP level 3. HP: 21/31 MP: 3/3
  1480 | D:3      | Found an iron altar of Okawaru.
  1602 | D:3      | Found a blossoming altar of Fedhas.
  1631 | D:3      | Noticed a sky beast
  1647 | D:3      | Slain by a sky beast

Illustrated notes

Levels and vault maps discovered:
D:1:      scummos_arrival_forest, layout_basic, ebering_ecumenical_altar_rust
D:2:      layout_rooms
D:3:      layout_loops_ring, nicolae_overflow_hidden_temple

Skill      XL: |  1  2  3 |
---------------+----------+-----
Fighting       | 3 |  3.4
Throwing       | 2 |  2.1
Maces & Flails | |  3.8
Dodging        | |  2.6

Action                   || total
-------------------------++-------
Melee: Flail             ||    94
       Tailslap          ||     9
       Punch             ||     2
Throw: Throwing net      ||     4
       Javelin           ||     3
  Use: Scroll            ||     5
       Potion            ||     2
Armor: Skin              ||    30
Dodge: Dodged            ||    98

Table legend: (Time is in decaauts)
 A = Elapsed time spent in this place.
 B = Non-inter-level travel time spent in this place.
 C = Inter-level travel time spent in this place.
 D = Time resting spent in this place.
 E = Time spent auto-exploring this place.
 F = Levels seen in this place.
 G = Mean time per level.
                   A        B        C        D        E       F      G
               +--------+--------+--------+--------+--------+-----+--------+
         Total |   1671 |   1596 |     75 |      0 |   1350 |   3 |  557.0 |
       Dungeon |   1671 |   1596 |     75 |      0 |   1350 |   3 |  557.0 |
               +--------+--------+--------+--------+--------+-----+--------+

Top non-repeatable levels by time:
     D:1: 1085 daAuts
     D:2: 405 daAuts
     D:3: 180 daAuts
